Unix NetHack Version 5.0.0-0 post-release - last build May  4 2026 22:22:43 (774f63e81ad911689b3a0859ea89b322d5daca8d,branch:main).

Game began 2026-05-06 00:39:01, ended 2026-05-06 01:38:41.

Drastanta, lawful male human Samurai

      --------------
      |............|
      |.<...........##
      |............| ####  ###############@C#              --------------
      --|--------.--########     -----------.-           ##..(..........|
        #############    ##      |C.........C.           # |...)........|
           #                     -.....C.....|           # |............|
       #####                     |.. -----...|         0## |............|
       #                         |       |...|      #######.............|
      ##                                 |C..|      #      --------------
      #                                  |...|      #
      #      ###                         -...|   ####
     -.--------.---                       ...|   #
     |.........[..|                      ...C|   #
     |............|                     ------   #
     |...%>..^....|               #%##############
     |.............################
     --------------

Drastanta the Ninja    St:15 Dx:16 Co:18 In:10 Wi:9 Ch:7  Lawful
Dlvl:8  $:573 HP:0(74) Pw:32(32) AC:10 Xp:7 T:4347 

Latest messages:
 The straw golem hits!
 The straw golem hits again!
 You hit the straw golem.
 The straw golem turns to flee.
 You hit the vampire bat!
 The vampire bat bites!
 The vampire bat bites again!
 The vampire bat bites!
 The vampire bat bites again!
 You hit the vampire bat!
 The vampire bat bites!
 The vampire bat bites again!
 The vampire bat bites!
 The vampire bat bites again!
 You hear bubbling water.
 You hit the vampire bat.
 The vampire bat bites!
 The vampire bat bites again!
 You kill the vampire bat!
 What do you want to wield? [- bd or ?*] ?
 b - a +0 wakizashi (weapon in right hand).
 The plains centaur swings his crossbow.
 The plains centaur hits!
 The plains centaur kicks!
 The plains centaur swings his crossbow.
 The plains centaur hits!
 The plains centaur kicks!
 You hit the plains centaur!
 The plains centaur swings his crossbow.
 The plains centaur hits!
 The plains centaur kicks!
 The plains centaur swings his crossbow.
 The plains centaur hits!
 The plains centaur kicks!
 The plains centaur swings his crossbow.
 The plains centaur hits!
 The plains centaur kicks!
 The plains centaur swings his crossbow.
 The plains centaur hits!
 The plains centaur kicks!
 You hit the plains centaur.
 The plains centaur swings his crossbow.
 The plains centaur hits!
 The plains centaur kicks!
 You die...
 Do you want your possessions identified? [ynq] (y) y
 Do you want to see your attributes? [ynq] (y) y
 Do you want an account of creatures vanquished? [ynaq] (y) y
 Do you want to see your conduct and achievements? [ynq] (y) y
 Do you want to see the dungeon overview? [ynq] (y) y

Inventory:
 Coins    ('$')
  $ - 573 gold pieces
 Amulets  ('"')
  p - an uncursed amulet of flying
 Weapons  (')')
  d - 28 blessed +0 ya (in quiver)
  b - a +0 wakizashi (weapon in right hand)
 Armor    ('[')
  e - a blessed rustproof +0 splint mail
 Comestibles  ('%')
  P - an uncursed rotten tin of human meat
 Scrolls  ('?')
  M - an uncursed scroll of destroy armor
  F - an uncursed scroll of enchant armor
  K - a cursed scroll of magic mapping
 Potions  ('!')
  v - 2 uncursed potions of extra healing
  t - an uncursed potion of water

Drastanta the Samurai's attributes:

Background:
 You were a Ninja, a level 7 male human Samurai.
 You were lawful, on a mission for Amaterasu Omikami
 who was opposed by Raijin (neutral) and Susanowo (chaotic).
 You were right-handed.
 You were in the Dungeons of Doom, on level 8.
 You entered the dungeon 4347 turns ago.
 It was nighttime.
 You had 934 experience points, 346 more were needed to attain level 8.

Basics:
 You had 0 out of 74 hit points.
 You had all 32 energy points (spell power).
 Your armor class was 10.
 Your wallet contained 573 zorkmids.
 Autopickup was off.

Final Characteristics:
 Your strength was 15 (limit:18/100).
 Your dexterity was 16 (limit:18).
 Your constitution was 18 (limit:18).
 Your intelligence was 10 (limit:18).
 Your wisdom was 9 (limit:18).
 Your charisma was 7 (limit:18).

Final Status:
 You weren't hungry.
 You were unencumbered.
 You were wielding a short sword.
 You had basic skill with short sword.
 You weren't wearing any armor.

Final Attributes:
 You were piously aligned.
 You were telepathic.
 You were fast.
 You are dead.

Miscellaneous:
 You didn't encounter any bones levels.
 Total elapsed playing time was 59 minutes and 40 seconds.

Major events:
 Turn
    1: Drastanta the lawful male human Samurai entered the dungeon
 1003: attained the rank of Ronin (level 3)
 2323: attained the rank of Ninja (level 6)
 4347: killed by a plains centaur

You didn't know any spells.

Skills:
 Fighting Skills
   martial arts      [Basic]
   two weapon combat [Unskilled]
   riding            [Unskilled]
 Weapon Skills
   dagger            [Unskilled]
   knife             [Unskilled]
   short sword       [Basic]
   broadsword        [Unskilled]
   long sword        [Skilled]
   two-handed sword  [Unskilled]
   saber             [Unskilled]
   flail             [Unskilled]
   quarterstaff      [Unskilled]
   polearms          [Unskilled]
   spear             [Unskilled]
   lance             [Unskilled]
   bow               [Basic]
   shuriken          [Unskilled]
 Spellcasting Skills
   attack spells     [Unskilled]
   divination spells [Unskilled]
   clerical spells   [Unskilled]

Voluntary challenges:
 Character rerolling was not enabled.
 You never genocided any monsters.
 You never polymorphed an object.
 You never changed form.
 You used no wishes.
Achievements:
 You attained the rank of Ronin.
 You entered a shop.
 You attained the rank of Ninja.

 The Dungeons of Doom: levels 1 to 8
    Level 1:
       A fountain.
    Level 2:
       A fountain.
    Level 3:
       An altar.
    Level 4:
       A wand shop, a fountain.
    Level 5:
       A fountain.
    Level 6:
       A fountain, a sink.
    Level 7:
       An altar to Amaterasu Omikami.
    Level 8: <- You were here.
       Final resting place for
          you, killed by a plains centaur.


Vanquished creatures:
  2 small mimics
  a quivering blob
  a leprechaun
  2 vampire bats
  3 brown puddings
  a lizard
  a dog
  a housecat
  3 apes
  a rock piercer
  a pony
  2 fog clouds
  2 shriekers
  a paper golem
  6 giant ants
  2 floating eyes
  a kobold leader
 17 hill orcs
  a rothe
  a giant bat
  4 dwarf zombies
  3 iguanas
  2 acid blobs
  a gas spore
  5 giant rats
  3 cave spiders
  a yellow mold
  a green mold
  2 gnomes
  4 garter snakes
  a gnome zombie
  3 geckos
  3 jackals
  a fox
  4 kobolds
  4 goblins
  5 sewer rats
  4 grid bugs
  5 lichens
  2 kobold zombies
  7 newts
115 creatures vanquished.

No species were genocided or became extinct.

Game over:
                       ----------
                      /          \
                     /    REST    \
                    /      IN      \
                   /     PEACE      \
                  /                  \
                  |    Drastanta     |
                  |      573 Au      |
                  |   killed by a    |
                  |  plains centaur  |
                  |                  |
                  |                  |
                  |       2026       |
                 *|     *  *  *      | *
        _________)/\\_//(\/(/\)/\//\/|_)_______

Sayonara Drastanta the Samurai...

You died in The Dungeons of Doom on dungeon level 8 with 4662 points,
and 573 pieces of gold, after 4347 moves.
You were level 7 with a maximum of 74 hit points when you died.

